 Dungeon Crawl Stone Soup version 0.31-a0-590-g8a5a4361df (webtiles) character file.

Game seed: 1645802915865649692

211 timneilson the Covered (level 5, 0/33 HPs)
             Began as a Gargoyle Fighter on Aug 19, 2023.
             Slain by baller8008's ghost (1 damage)
             ... on level 4 of the Dungeon.
             The game lasted 00:04:06 (2372 turns).

timneilson the Covered (Gargoyle Fighter)           Turns: 2372, Time: 00:04:07

Health: 0/33       AC: 18    Str: 20    XL:     5   Next: 88%
Magic:  5/5        EV:  8    Int:  8    God:
Gold:   154        SH:  5    Dex: 11    Spells: 4/4 levels left

rFire   . . .        a - +0 long sword
rCold   . . .        c - +1 buckler
rNeg    + . .        j - +0 chain mail
rPois   ∞            (no helmet)
rElec   +            b - +0 cloak
rCorr   .            (no gloves)
SInv    .            m - +2 pair of boots
Will    .....        h - amulet of the acrobat Stlth
                     (no ring)
HPRegen 0.25/turn    (no ring)
MPRegen 0.09/turn

%: acrobat
@: no status effects
A: sickness immunity, AC +4, negative energy resistance 1, electricity
resistance, torment resistance 1, petrification resistance
a: no special abilities


You were on level 4 of the Dungeon.
You visited 1 branch of the dungeon, and saw 4 of its levels.

You collected 154 gold pieces.

Inventory:

Hand Weapons
 a - a +0 long sword (weapon)
Armour
 b - a +0 cloak (worn)
 c - a +1 buckler (worn)
 j - a +0 chain mail (worn)
 m - a +2 pair of boots (worn)
Jewellery
 f - a ring of willpower
 h - an amulet of the acrobat (around neck)
Wands
 e - a wand of digging (1)
Scrolls
 g - a scroll of amnesia
 k - 2 scrolls of enchant armour
 n - a scroll of poison
Potions
 d - a potion of might
 i - 2 potions of mutation
 o - a potion of attraction {unknown}


   Skills:
 + Level 3.9 Fighting
 * Level 2.9 Long Blades
 * Level 4.4 Armour
 + Level 1.2 Dodging
 * Level 4.2 Shields
 + Level 1.2 Evocations


You had 4 spell levels left.
You didn't know any spells.
Your spell library contained the following spells:

 Spells                   Type           Power      Damage    Failure   Level
 Sandblast                Erth           0%         2d4       98%         1
 Passwall                 Tmut/Erth      0%         N/A       99%         2
 Stone Arrow              Conj/Erth      0%         3d7       100%        3


Dungeon Overview and Level Annotations

Branches:
Dungeon (4/15)
 Temple: D:4-7

Altars:

Annotations:
D:4 baller8008's ghost, weakling MiFi


Innate Abilities, Weirdness & Mutations

You are immune to sickness and miasma.
Your stone body is resilient. (AC +4)
You are immune to poison.
You resist negative energy. (rN+)
You are resistant to electric shocks. (rElec)
You are resistant to unholy torment.
You are immune to petrification.


Message History

The adder bites you but does no damage. The adder closely misses you.
You miss the adder.
The adder is almost dead.
The adder bites you but does no damage. The adder barely misses you.
You hit the adder.
You kill the adder!
Found a ring mail and 2 stones.
Found a stone.
Found 3 stones.
Found 7 large rocks.
Baller8008's ghost turns its malevolent gaze towards you.
Baller8008's ghost says, "You will join me soon!"
You open the gate. You barely miss baller8008's ghost.
Baller8008's ghost barely misses you. Baller8008's ghost hits you!
You slash baller8008's ghost!
Baller8008's ghost is moderately damaged.
Baller8008's ghost hits you!
You slash baller8008's ghost!
Baller8008's ghost is heavily damaged.
Baller8008's ghost hits you but does no damage.
You hit baller8008's ghost but do no damage.
Baller8008's ghost is heavily damaged.
Baller8008's ghost hits you!
* * * LOW HITPOINT WARNING * * *
Baller8008's ghost hits you but does no damage.
You barely miss baller8008's ghost.
Baller8008's ghost is heavily damaged.
Baller8008's ghost hits you but does no damage.
You hit baller8008's ghost but do no damage.
Baller8008's ghost is heavily damaged.
Baller8008's ghost hits you but does no damage.
You hit baller8008's ghost but do no damage.
Baller8008's ghost is heavily damaged.
Baller8008's ghost hits you.
* * * LOW HITPOINT WARNING * * *
You closely miss baller8008's ghost.
Baller8008's ghost is heavily damaged.
Baller8008's ghost barely misses you. Baller8008's ghost hits you.
You die...

#.# ########.#
#.....#..# #
#(...(#..###.
#..(..'.....
#(....'...##
#...(.W....# #
#.♣...#@...#.#
#.(..(#..###.#
#######......#
#.........###.###
##.#[............
#.####.###.##
#.#......#
#.#.#..#.# #
#.#..#.#


You could see baller8008's ghost.

Vanquished Creatures
  A bullfrog (D:4)
  An iguana (D:4)
  4 adders
  4 worms
  2 dart slugs
  2 orcs (D:3)
  3 endoplasms (D:1)
  6 giant cockroaches
  6 goblins
  10 hobgoblins
  4 jackals (D:1)
  A quokka (D:1)
  7 ball pythons
  7 bats
  4 kobolds
  4 rats
66 creatures vanquished.

Notes
Turn   | Place    | Note
-------+----------+-------------------------------------------
     0 | D:1      | timneilson the Gargoyle Fighter began the quest for the
                  | Orb.
     0 | D:1      | Reached XP level 1. HP: 14/14 MP: 1/1
    62 | D:1      | Reached XP level 2. HP: 19/19 MP: 2/2
   322 | D:1      | Reached XP level 3. HP: 11/23 MP: 3/3
   709 | D:2      | Reached XP level 4. HP: 16/28 MP: 4/4
  1136 | D:2      | Found a faded altar of an unknown god.
  1623 | D:3      | Reached skill level 1 in Dodging
  2254 | D:4      | Reached skill level 1 in Evocations
  2254 | D:4      | Reached XP level 5. HP: 27/33 MP: 5/5
  2356 | D:4      | Found a runed translucent gate.
  2356 | D:4      | Found a runed translucent gate.
  2357 | D:4      | Found a runed translucent gate.
  2359 | D:4      | Noticed baller8008's ghost (weakling MiFi)
  2371 | D:4      | HP: 1/33 [baller8008's ghost (4)]
  2372 | D:4      | Slain by baller8008's ghost

Illustrated notes

Levels and vault maps discovered:
D:1:      minmay_arrival_up_and_down, layout_basic, minmay_tetromino_s4
D:2:      layout_rooms, serial_corexii_hall, chequers_hall_statues_y,
          chequers_hall_statues_corner_a, dilly_ecumenical_altar_fadedgnrine
D:3:      layout_loops_corners, minmay_misc_feat_roman, hangedman_feature_mirror
D:4:      layout_basic, nicolae_ru_great_annihilating_truth,
          ebering_ghost_rock_garden

Skill      XL: |  1  2  3  4 |
---------------+-------------+-----
Long Blades    | 2 |  2.9
Armour         | 4 |  4.4
Dodging        | 1 |  1.2
Shields        | 4 |  4.2
Evocations     | 1 |  1.2
Fighting       | |  3.9

Action                     |  1- 3 |  4- 6 || total
---------------------------+-------+-------++-------
  Melee: Long sword        |   140 |   116 ||   256
    Use: Scroll            |     3 |     5 ||     8
 Armour: Scale mail        |    71 |       ||    71
         Chain mail        |     9 |    56 ||    65
  Dodge: Dodged            |    68 |    52 ||   120
  Block: Buckler           |    35 |    23 ||    58

Table legend: (Time is in decaauts)
 A = Elapsed time spent in this place.
 B = Non-inter-level travel time spent in this place.
 C = Inter-level travel time spent in this place.
 D = Time resting spent in this place.
 E = Time spent auto-exploring this place.
 F = Levels seen in this place.
 G = Mean time per level.
                   A        B        C        D        E       F      G
               +--------+--------+--------+--------+--------+-----+--------+
         Total |   2450 |   2365 |     85 |     30 |   1696 |   4 |  612.5 |
       Dungeon |   2450 |   2365 |     85 |     30 |   1696 |   4 |  612.5 |
               +--------+--------+--------+--------+--------+-----+--------+

Top non-repeatable levels by time:
     D:3: 947 daAuts
     D:2: 723 daAuts
     D:1: 605 daAuts
     D:4: 172 daAuts
